AoeStats
← Moroncin

Black Forest

509304849Analyzed
2v2 RM · 7d ago on Sep 26, 2026· 63m 1s· 4 players
Game mode
Random Map
Map size
Medium (4 player)
Population
200
Speed
Normal
Resources
Standard
Victory
Conquest
Starting age
Dark Age
Ending age
Imperial Age
RankedLock teamsTeams togetherTeam positionsShared explorationLock speedFull tech treeHidden civsTurbo modeCheats
Victory
Defeat
🇲🇽 Magyars · Mexico
843
+14
🇦🇺 Goths · Australia
679
+17
🇧🇪 Poles · Belgium
765
-18
🇪🇸 Franks · Spain
657
-12
nejmi0
14:41 Feudal Age
16:02 Double-Bit Axe
16:01 Horse Collar
17:36 Stone Mining
18:44 Gold Mining
25:00 Castle Age
22:25 Man-at-Arms
23:15 Town Watch
25:43 Long Swordsman
29:59 Scale Mail Armor
30:00 Padded Archer Armor
29:51 Fletching
31:01 Chain Mail Armor
32:16 Elite Skirmisher
33:41 Bow Saw
40:14 Forging
46:20 Caravan
46:41 Fortified Wall
46:21 Guard Tower
48:10 Masonry
50:55 Imperial Age
48:58 Murder Holes
48:45 Treadmill Crane
49:37 Scale Barding Armor
50:08 Iron Casting
51:13 Cavalier
59:21 Wheelbarrow
Moroncin
0:29 Loom
13:45 Feudal Age
14:18 Double-Bit Axe
19:59 Wheelbarrow
22:59 Castle Age
20:55 Stone Mining
20:57 Gold Mining
21:19 Fletching
21:41 Arson
23:50 Bodkin Arrow
24:32 Gold Shaft Mining
24:17 Bow Saw
24:15 Husbandry
24:18 Squires
29:36 Pikeman
29:43 Pikeman
31:00 Hand Cart
37:14 Imperial Age
37:24 Cavalier
40:15 Halberdier
44:34 Paladin
50:17 Scale Barding Armor
50:13 Scale Mail Armor
50:23 Forging
51:32 Coinage
51:03 Caravan
malcolm.james.new
0:36 Loom
18:22 Feudal Age
19:32 Man-at-Arms
20:12 Horse Collar
21:38 Town Watch
23:12 Wheelbarrow
22:36 Gold Mining
22:39 Stone Mining
27:17 Scale Mail Armor
27:28 Forging
30:08 Fletching
35:08 Castle Age
35:36 Long Swordsman
36:17 Squires
35:37 Pikeman
36:20 Heavy Plow
36:39 Chain Mail Armor
36:59 Iron Casting
36:20 Bodkin Arrow
36:29 Caravan
36:33 Double-Bit Axe
43:40 Town Patrol
45:08 Ballistics
44:43 Murder Holes
48:06 Imperial Age
46:55 Anarchy
49:28 Hand Cart
49:23 Two-Handed Swordsman
50:27 Conscription
50:15 Perfusion
51:56 Champion
53:40 Halberdier
56:53 Crop Rotation
57:20 Bow Saw
62:55 Capped Ram
62:56 Heavy Scorpion
Oriel Sidhe
5:01 Loom
14:50 Feudal Age
16:09 Double-Bit Axe
18:22 Horse Collar
21:47 Castle Age
21:24 Scale Mail Armor
21:35 Gold Mining
23:07 Bow Saw
24:51 Caravan
26:44 Wheelbarrow
27:57 Pikeman
29:01 Stone Mining
30:32 Corvinian Army
33:38 Chain Mail Armor
33:14 Fletching
33:15 Crossbowman
33:52 Elite Skirmisher
34:37 Thumb Ring
34:56 Ballistics
34:32 Murder Holes
35:57 Heavy Plow
36:38 Gold Shaft Mining
40:38 Imperial Age
40:44 Imperial Age
38:34 Hand Cart
41:11 Bodkin Arrow
41:22 Scale Barding Armor
41:17 Padded Archer Armor
41:17 Elite Magyar Huszar
41:58 Recurve Bow
42:27 Arson
42:10 Capped Ram
42:58 Halberdier
43:55 Arbalester
45:01 Parthian Tactics
45:11 Husbandry
45:22 Bloodlines
47:06 Chain Barding Armor
46:47 Bracer
47:03 Leather Archer Armor
47:12 Conscription
48:39 Chemistry
47:45 Siege Engineers
48:40 Plate Barding Armor
50:34 Hoardings
49:34 Heavy Scorpion
51:27 Treadmill Crane
Connection lost

Rejoining the realm…

Still unreachable

The connection could not be restored.

Session expired

The server has moved on; the page needs a fresh start.